3AA
FT. POLK SOUTH THUNDER HAWKS @ ATLANTIC CITY SONICS
08/23/2027
 
TOP OF THE 1ST
Ft. Polk South Thunder Hawks batting - Pitching for Atlantic City Sonics : RHP Elroy Thompkins
Pitching: RHP Elroy Thompkins
Batting: SHB Kai-xi Choe 0-0: Ball
1-0: Swinging Strike
1-1: Ground out 3-1 (Groundball, 34)
Batting: RHB Jesús Torres 0-0: Called Strike
0-1: Ball
1-1: Ball
2-1: Fly out, F8 (Flyball, 89M)
Batting: RHB Walt Shelton 0-0: Ball
1-0: Swinging Strike
1-1: Called Strike
1-2: Strikes out swinging
Top of the 1st over - 0 run(s), 0 hit(s), 0 error(s), 0 left on base; Ft. Polk South 0 - Atlantic City 0
BOTTOM OF THE 1ST
Atlantic City Sonics batting - Pitching for Ft. Polk South Thunder Hawks : RHP Neil Franson
Pitching: RHP Neil Franson
Batting: RHB José López 0-0: Ground out 5-3 (Groundball, 56)
Batting: LHB Russ Hanneman 0-0: Called Strike
0-1: Ball
1-1: Ball
2-1: Ball
3-1: Swinging Strike
3-2: Strikes out swinging
Batting: RHB Brady Bess 0-0: Foul Ball, location: 2F
0-1: SINGLE (Line Drive, 34D)
Batting: RHB Thurman Blumer 0-0: Swinging Strike
0-1: Swinging Strike
0-2: Ball
1-2: Foul Ball, location: 2F
1-2: Strikes out swinging
Bottom of the 1st over - 0 run(s), 1 hit(s), 0 error(s), 1 left on base; Ft. Polk South 0 - Atlantic City 0
TOP OF THE 2ND
Ft. Polk South Thunder Hawks batting - Pitching for Atlantic City Sonics : RHP Elroy Thompkins
Batting: RHB José Morín 0-0: Called Strike
0-1: Foul Ball, location: 2F
0-2: Ball
1-2: Fly out, F8 (Flyball, 8RD)
Batting: RHB Peter Agulera 0-0: Ball
1-0: Called Strike
1-1: Called Strike
1-2: Foul Ball, location: 2F
1-2: Strikes out swinging
Batting: RHB David Phipps 0-0: Called Strike
0-1: Foul Ball, location: 2F
0-2: Ball
1-2: Strikes out looking
Top of the 2nd over - 0 run(s), 0 hit(s), 0 error(s), 0 left on base; Ft. Polk South 0 - Atlantic City 0
BOTTOM OF THE 2ND
Atlantic City Sonics batting - Pitching for Ft. Polk South Thunder Hawks : RHP Neil Franson
Batting: RHB Kevin Malone 0-0: Swinging Strike
0-1: Ball
1-1: Called Strike
1-2: Ball
2-2: Ball
3-2: Base on Balls
Batting: RHB Senior Pond 0-0: Ball
1-0: Swinging Strike
1-1: Swinging Strike
1-2: Ball
2-2: Strikes out swinging
Batting: RHB Cristián Alfonso 0-0: Ball
1-0: Called Strike
1-1: Ball
2-1: Ball
3-1: Fly out, F8 (Flyball, 8LM)
Batting: RHB Damon Grinter 0-0: Ball
1-0: Ball
2-0: Called Strike
2-1: Foul Ball, location: 2F
2-2: Foul Ball, location: 2F
2-2: Fly out, F6 (Line Drive, 6)
Bottom of the 2nd over - 0 run(s), 0 hit(s), 0 error(s), 1 left on base; Ft. Polk South 0 - Atlantic City 0
TOP OF THE 3RD
Ft. Polk South Thunder Hawks batting - Pitching for Atlantic City Sonics : RHP Elroy Thompkins
Batting: RHB Gregory Shankland 0-0: Called Strike
0-1: SINGLE (Groundball, 6D)
Batting: RHB Will Huggins 0-0: Ball
1-0: Ball
2-0: Called Strike
2-1: Foul Ball, location: 2F
2-2: SINGLE (Flyball, 8LS)
Gregory Shankland to second
Batting: RHB Jorge Flores 0-0: Ball
1-0: Ball
2-0: Foul Ball, location: 2F
2-1: Grounds into double play, 6-4-3 (Groundball, 6)
Gregory Shankland to third
Batting: SHB Kai-xi Choe 0-0: Called Strike
0-1: Ball
1-1: SINGLE (Flyball, 78S)
Gregory Shankland scores
Batting: RHB Jesús Torres 0-0: SINGLE (Line Drive, 34D)
Kai-xi Choe to second
Batting: RHB Walt Shelton 0-0: Ball
1-0: Called Strike
1-1: Swinging Strike
1-2: Foul Ball, location: 2F
1-2: Ground out 6-3 (Groundball, 6S)
Top of the 3rd over - 1 run(s), 4 hit(s), 0 error(s), 2 left on base; Ft. Polk South 1 - Atlantic City 0
BOTTOM OF THE 3RD
Atlantic City Sonics batting - Pitching for Ft. Polk South Thunder Hawks : RHP Neil Franson
Batting: SHB Luchino Salimbeni 0-0: Ball
1-0: Ground out U3 (Groundball, 34S)
Batting: RHB José López 0-0: Ground out 5-3 (Groundball, 56S)
Batting: LHB Russ Hanneman 0-0: Ball
1-0: Called Strike
1-1: Ball
2-1: Foul Ball, location: 2F
2-2: Foul Ball, location: 2F
2-2: Ball
3-2: Strikes out swinging
Bottom of the 3rd over - 0 run(s), 0 hit(s), 0 error(s), 0 left on base; Ft. Polk South 1 - Atlantic City 0
TOP OF THE 4TH
Ft. Polk South Thunder Hawks batting - Pitching for Atlantic City Sonics : RHP Elroy Thompkins
Batting: RHB José Morín 0-0: Foul Ball, location: 2F
0-1: SINGLE (Groundball, 6) (infield hit)
Batting: RHB Peter Agulera 0-0: Ball
1-0: Ball
2-0: Called Strike
2-1: Ball
José Morín steals 2nd base
3-1: SINGLE (Flyball, 9S)
José Morín to third
Batting: RHB David Phipps 0-0: Called Strike
0-1: Ball
1-1: Swinging Strike
1-2: Ball
2-2: Foul Ball, location: 2F
2-2: Strikes out swinging
Batting: RHB Gregory Shankland 0-0: Foul Ball, location: 2F
0-1: DOUBLE (Flyball, 7D)
José Morín scores
Peter Agulera to third
Runner from 3rd tries for Home, throw and OUT!
Gregory Shankland to third
Batting: RHB Will Huggins 0-0: Ball
1-0: Ball
2-0: Ball
3-0: Base on Balls
Batting: RHB Jorge Flores 0-0: Ball
1-0: Foul Ball, location: 2F
1-1: Ball
2-1: Foul Ball, location: 2F
2-2: Strikes out swinging
Top of the 4th over - 1 run(s), 3 hit(s), 0 error(s), 2 left on base; Ft. Polk South 2 - Atlantic City 0
BOTTOM OF THE 4TH
Atlantic City Sonics batting - Pitching for Ft. Polk South Thunder Hawks : RHP Neil Franson
Batting: RHB Brady Bess 0-0: Ground out 6-3 (Groundball, 6)
Batting: RHB Thurman Blumer 0-0: Ball
1-0: Ball
2-0: Foul Ball, location: 2F
2-1: DOUBLE (Line Drive, 78XD)
Batting: RHB Kevin Malone 0-0: Ball
1-0: Ball
2-0: Fly out, F7 (Line Drive, 7)
Batting: RHB Senior Pond 0-0: Ball
1-0: TRIPLE (Flyball, 8LXD)
Thurman Blumer scores
Batting: RHB Cristián Alfonso 0-0: Ball
1-0: Ball
2-0: Called Strike
2-1: Foul Ball, location: 2F
2-2: Fly out, F8 (Flyball, 8RM)
Bottom of the 4th over - 1 run(s), 2 hit(s), 0 error(s), 1 left on base; Ft. Polk South 2 - Atlantic City 1
TOP OF THE 5TH
Ft. Polk South Thunder Hawks batting - Pitching for Atlantic City Sonics : RHP Elroy Thompkins
Batting: SHB Kai-xi Choe 0-0: Called Strike
0-1: Ball
1-1: Swinging Strike
1-2: Ball
2-2: Foul Ball, location: 2F
2-2: Fly out, F5 (Popup, 5S)
Batting: RHB Jesús Torres 0-0: Ball
1-0: Ball
2-0: SINGLE (Groundball, 34D)
Batting: RHB Walt Shelton 0-0: Ball
1-0: Fly out, F9 (Flyball, 9)
Batting: RHB José Morín 0-0: Ball
1-0: Called Strike
1-1: Ball
2-1: Swinging Strike
2-2: Foul Ball, location: 2F
2-2: Strikes out swinging
Top of the 5th over - 0 run(s), 1 hit(s), 0 error(s), 1 left on base; Ft. Polk South 2 - Atlantic City 1
BOTTOM OF THE 5TH
Atlantic City Sonics batting - Pitching for Ft. Polk South Thunder Hawks : RHP Neil Franson
Batting: RHB Damon Grinter 0-0: Ground out 1-3 (Groundball, 13S)
Batting: SHB Luchino Salimbeni 0-0: Swinging Strike
0-1: Fly out, F8 (Flyball, 8RM)
Batting: RHB José López 0-0: Called Strike
0-1: Ground out 6-3 (Groundball, 6)
Bottom of the 5th over - 0 run(s), 0 hit(s), 0 error(s), 0 left on base; Ft. Polk South 2 - Atlantic City 1
TOP OF THE 6TH
Ft. Polk South Thunder Hawks batting - Pitching for Atlantic City Sonics : RHP Elroy Thompkins
Batting: RHB Peter Agulera 0-0: Ball
1-0: Swinging Strike
1-1: Ball
2-1: Foul Ball, location: 2F
2-2: Foul Ball, location: 2F
2-2: Foul Ball, location: 2F
2-2: Foul Ball, location: 2F
2-2: Ball
3-2: Base on Balls
Batting: RHB David Phipps 0-0: Ball
1-0: Ball
2-0: Ball
3-0: Base on Balls
Peter Agulera to second
Batting: RHB Gregory Shankland 0-0: Ball
1-0: Sac Bunt - play at first, batter OUT! 3-4
Peter Agulera to third
David Phipps to second
Batting: RHB Will Huggins 0-0: Ground out 6-3 (Groundball, 6)
Batting: RHB Jorge Flores 0-0: Ball
1-0: Called Strike
1-1: Swinging Strike
1-2: Ball
2-2: Foul Ball, location: 2F
2-2: Ball
3-2: Strikes out looking
Top of the 6th over - 0 run(s), 0 hit(s), 0 error(s), 2 left on base; Ft. Polk South 2 - Atlantic City 1
BOTTOM OF THE 6TH
Atlantic City Sonics batting - Pitching for Ft. Polk South Thunder Hawks : RHP Neil Franson
Batting: LHB Russ Hanneman 0-0: Called Strike
0-1: Ground out 4-3 (Groundball, 4M)
Batting: RHB Brady Bess 0-0: Ball
1-0: Swinging Strike
1-1: Swinging Strike
1-2: Strikes out swinging
Batting: RHB Thurman Blumer 0-0: Ball
1-0: Ball
2-0: Called Strike
2-1: Foul Ball, location: 2F
2-2: Foul Ball, location: 2F
2-2: Ground out 5-3 (Groundball, 56)
Bottom of the 6th over - 0 run(s), 0 hit(s), 0 error(s), 0 left on base; Ft. Polk South 2 - Atlantic City 1
TOP OF THE 7TH
Ft. Polk South Thunder Hawks batting - Pitching for Atlantic City Sonics : RHP Elroy Thompkins
Batting: SHB Kai-xi Choe 0-0: Called Strike
0-1: Foul Ball, location: 2F
0-2: Strikes out swinging
Batting: RHB Jesús Torres 0-0: Called Strike
0-1: Swinging Strike
0-2: Ball
1-2: Ball
2-2: SINGLE (Line Drive, 6MD)
Pitching: LHP David Sherratt
Batting: RHB Walt Shelton 0-0: Ball
Throwing error on steal attempt, E2
Jesús Torres to third
1-0: Fly out, F6 (Popup, 6)
Batting: RHB José Morín 0-0: Ball
1-0: Ball
2-0: Ball
3-0: Called Strike
3-1: Ground out 2-3 (Groundball, 2L)
Top of the 7th over - 0 run(s), 1 hit(s), 1 error(s), 1 left on base; Ft. Polk South 2 - Atlantic City 1
BOTTOM OF THE 7TH
Atlantic City Sonics batting - Pitching for Ft. Polk South Thunder Hawks : RHP Neil Franson
Batting: RHB Kevin Malone 0-0: Called Strike
0-1: Swinging Strike
0-2: Strikes out swinging
Pitching: RHP Rubén Sánchez
Batting: RHB Senior Pond 0-0: Ball
1-0: Ball
2-0: Fly out, F9 (Flyball, 9S)
Batting: RHB Cristián Alfonso 0-0: Ball
1-0: Ball
2-0: Ball
3-0: Foul Ball, location: 2F
3-1: Base on Balls
Pinch Hitting: LHB Todd Blankenburg 0-0: Ball
Cristián Alfonso is caught stealing 2nd base
Bottom of the 7th over - 0 run(s), 0 hit(s), 0 error(s), 0 left on base; Ft. Polk South 2 - Atlantic City 1
TOP OF THE 8TH
Ft. Polk South Thunder Hawks batting - Pitching for Atlantic City Sonics : LHP David Sherratt
Now in RF: Todd Blankenburg
Batting: RHB Peter Agulera 0-0: Ball
1-0: Ball
2-0: Called Strike
2-1: Ground out 5-3 (Groundball, 25)
Batting: RHB David Phipps 0-0: Ball
1-0: Ball
2-0: Ground out 5-3 (Groundball, 56)
Batting: RHB Gregory Shankland 0-0: Ball
1-0: Ground out 6-3 (Groundball, 6)
Top of the 8th over - 0 run(s), 0 hit(s), 0 error(s), 0 left on base; Ft. Polk South 2 - Atlantic City 1
BOTTOM OF THE 8TH
Atlantic City Sonics batting - Pitching for Ft. Polk South Thunder Hawks : RHP Rubén Sánchez
Pitching: LHP César Vásquez
Batting: LHB Todd Blankenburg 0-0: Ball
1-0: Called Strike
1-1: Foul Ball, location: 2F
1-2: Ball
2-2: Ground out 4-3 (Groundball, 4)
Batting: SHB Luchino Salimbeni 0-0: Called Strike
0-1: Ball
1-1: Called Strike
1-2: Ball
2-2: Ground out 6-3 (Groundball, 6)
Pitching: RHP Jack Ward
Batting: RHB José López 0-0: Ball
1-0: Ball
2-0: Called Strike
2-1: Ball
3-1: SINGLE (Flyball, 9LM)
Batting: LHB Russ Hanneman 0-0: Foul Ball, location: 2F
0-1: Ball
1-1: Swinging Strike
1-2: Strikes out swinging
Bottom of the 8th over - 0 run(s), 1 hit(s), 0 error(s), 1 left on base; Ft. Polk South 2 - Atlantic City 1
TOP OF THE 9TH
Ft. Polk South Thunder Hawks batting - Pitching for Atlantic City Sonics : LHP David Sherratt
Pitching: RHP Alfredo Muńóz
Batting: RHB Will Huggins 0-0: Ball
1-0: Swinging Strike
1-1: Foul Ball, location: 2F
1-2: Fly out, F7 (Flyball, 7LM)
Batting: RHB Jorge Flores 0-0: Foul Ball, location: 2F
0-1: Called Strike
0-2: Foul Ball, location: 2F
0-2: Foul Ball, location: 2F
0-2: Strikes out looking
Batting: SHB Kai-xi Choe 0-0: SINGLE (Line Drive, 89S)
Pinch Hitting: RHB César Villarreal 0-0: Ball
1-0: Swinging Strike
1-1: Called Strike
1-2: Ball
2-2: Strikes out swinging
Top of the 9th over - 0 run(s), 1 hit(s), 0 error(s), 1 left on base; Ft. Polk South 2 - Atlantic City 1
BOTTOM OF THE 9TH
Atlantic City Sonics batting - Pitching for Ft. Polk South Thunder Hawks : RHP Jack Ward
Pitching: RHP Joey Hamman
Now in LF: César Villarreal
Batting: RHB Brady Bess 0-0: Ball
1-0: Ball
2-0: Called Strike
2-1: Ball
3-1: Base on Balls
Pinch Hitting: SHB Phil Moore 0-0: DOUBLE (Line Drive, 9LS)
Brady Bess to third
Batting: RHB Kevin Malone 0-0: Ball
1-0: Foul Ball, location: 2F
1-1: Fly out, F7 (Flyball, 7LSF)
Runner from 3rd tags up, SCORES, no throw
Batting: RHB Senior Pond 0-0: Intentional Walk
Pinch Hitting: RHB Nelson Torez 0-0: Called Strike
0-1: Ball
1-1: Ball
2-1: Foul Ball, location: 2F
2-2: Foul Ball, location: 2F
2-2: Fly out, F3 (Popup, 3L)
Batting: LHB Todd Blankenburg 0-0: Ball
1-0: Ball
2-0: Ball
3-0: Base on Balls
Phil Moore to third
Senior Pond to second
Batting: SHB Luchino Salimbeni 0-0: Ball
1-0: Called Strike
1-1: Ball
2-1: Ball
3-1: Base on Balls
Phil Moore scores
Senior Pond to third
Todd Blankenburg to second
Saturday, May 26th, 2018 - OOTP Baseball 17.12 Build 75